 Dungeon Crawl Stone Soup version 0.30.1-9-gdf580d7c3d (webtiles) character file.

Game seed: 12987630728859459911

9 leafyfresh the Sneak (level 2, -10/27 HPs)
             Began as a Minotaur Delver on Oct 26, 2023.
             Mangled by an iguana (12 damage)
             ... on level 6 of the Dungeon.
             The game lasted 00:00:28 (87 turns).

leafyfresh the Sneak (Minotaur Delver)                Turns: 87, Time: 00:00:28

Health: -10/27     AC:  3    Str: 16    XL:     2   Next: 3%
Magic:  1/1        EV: 12    Int:  7    God:
Gold:   15         SH:  0    Dex: 11    Spells: 1/1 levels left

rFire   . . .        a - +0 falchion
rCold   . . .        (no shield)
rNeg    . . .        b - +0 leather armour
rPois   .            (helmet restricted)
rElec   .            (no cloak)
rCorr   .            (no gloves)
SInv    .            (no boots)
Will    .....        (no amulet)
Stlth   ++           (no ring)
HPRegen 0.24/turn    (no ring)
MPRegen 0.07/turn

%: no passive effects
@: no status effects
A: horns 2, retaliatory headbutt
a: no special abilities


You were on level 6 of the Dungeon.
You visited 1 branch of the dungeon, and saw 2 of its levels.

You collected 15 gold pieces.

Inventory:

Hand Weapons
 a - a +0 falchion (weapon)
Armour
 b - a +0 leather armour (worn)
Wands
 g - a wand of digging (3)
Scrolls
 c - a scroll of fog
 d - a scroll of magic mapping
 e - a scroll of fear
Potions
 f - a potion of haste


   Skills:
 + Level 3.8 Fighting
 + Level 2.7 Long Blades
 + Level 2.4 Dodging
 + Level 4.2 Stealth


You had one spell level left.
You didn't know any spells.
Your spell library was empty.

Dungeon Overview and Level Annotations

Branches:
Dungeon (6/15)
 Temple: D:4-7

Altars:

Annotations:
D:5 Ijyb, Menkaure


Innate Abilities, Weirdness & Mutations

You have a pair of horns on your head.
You reflexively headbutt those who attack you in melee.


Message History

You hit the adder but do no damage. The adder barely misses you.
The adder misses you.
You barely miss the adder. The adder bites you. x2
You are poisoned.
The adder poisons you!
You miss the adder.
You feel sick. The adder completely misses you. You furiously retaliate!
You headbutt the adder.
You are too injured to fight recklessly!
You are too injured to fight recklessly!
You are too injured to fight recklessly!
You are too injured to fight recklessly!
You hit the adder. Your headbutt misses the adder. You punch the adder.
The adder is almost dead.
You feel sick. The adder bites you.
* * * LOW HITPOINT WARNING * * *
You are lethally poisoned!
The adder poisons you! The adder barely misses you. You furiously retaliate!
You headbutt the adder!
You kill the adder!
You have reached level 2!
As you read the scroll labelled BEMOTOF QAEL, it crumbles to dust.
You hear a loud clanging noise!
It was a scroll of noise.
You feel sick.
You hear a shout!
You hear an angry hiss.
As you read the scroll labelled JORHEG XAZIN, it crumbles to dust.
You feel strangely unstable.
It was a scroll of teleportation.
You feel sick.
Unknown command.
You feel sick.
You feel sick.
Your surroundings suddenly seem different.
An iguana comes into view.
You feel sick.
An iguana is nearby!
The helpless iguana fails to defend itself.
You hit the iguana.
The iguana is lightly wounded.
You feel sick.
You are no longer poisoned.
The iguana bites you!
You die...

#.. ... #.# #.
#.# ...# #.#
..
.....##.###..#
#.......l....#
#@# #....#
##.#.# .# ..
## ... ##


You could see an iguana.

Vanquished Creatures
  An adder (D:6)
1 creature vanquished.

Notes
Turn   | Place    | Note
-------+----------+-------------------------------------------
     0 | D:5      | leafyfresh the Minotaur Delver began the quest for the Orb.
     0 | D:5      | Reached XP level 1. HP: 19/19 MP: 0/0
     8 | D:5      | Noticed Ijyb
     8 | D:5      | Noticed Menkaure
    82 | D:6      | Reached XP level 2. HP: 7/27 MP: 1/1
    87 | D:6      | Mangled by an iguana

Illustrated notes

Levels and vault maps discovered:
D:5:      cheibrodos_barr_body, layout_cave_pools, mainiacjoe_overflow_chevrons,
          kennysheep_big_empty_room, hangedman_decor_riveting,
          minmay_crystal_room, uniq_ijyb, uniq_menkaure, uniq_duvessa
D:6:      layout_loops_ring, minivault_10

Action                     || total
---------------------------++-------
  Melee: Falchion          ||     8
         Punch             ||     1
    Use: Scroll            ||     2
   Stab: Sleeping          ||     1
 Armour: Leather armour    ||     1
  Dodge: Dodged            ||     5
